 Dungeon Crawl Stone Soup version 0.22.0-27-ga576289 (webtiles) character file.

35 poirepourri the Magician (level 3, 0/24 HPs)
             Began as a Mummy Ice Elementalist on Aug 22, 2018.
             Slain by a kobold
             ... wielding a +0 club
              (2 damage)
             ... on level 1 of the Dungeon.
             The game lasted 00:01:45 (1155 turns).

poirepourri the Magician (Mummy Ice Elementalist)   Turns: 1155, Time: 00:01:45

Health: 0/24       AC:  2    Str: 11    XL:     3   Next: 17%
Magic:  0/9        EV: 12    Int: 15    God:
Gold:   57         SH:  0    Dex: 12    Spells: 8/11 levels left

rFire    x . .     SeeInvis .   c - +0 short sword
rCold    + . .     Gourm    .   (no shield)
rNeg     + + +     Faith    .   a - +0 robe
rPois    ∞         Spirit   .   (no helmet)
rElec    .         Reflect  .   (no cloak)
rCorr    .         Harm     .   (no gloves)
MR       .....                  (no boots)
Stlth    ++........             (no amulet)
HPRegen  0.08/turn              (no ring)
MPRegen  0.11/turn              (no ring)

@: very slightly contaminated
A: no food or potions, fire vulnerability, cold resistance 1, negative energy
resistance 3, torment resistance, unbreathing
a: no special abilities


You were on level 1 of the Dungeon.
You were not hungry.

You visited 1 branch of the dungeon, and saw 1 of its levels.

You collected 57 gold pieces.

Inventory:

Hand Weapons
 c - a +0 short sword (weapon)
Armour
 a - a +0 robe (worn)
Jewellery
 d - an uncursed ring of protection from fire {unknown}
Scrolls
 b - 2 scrolls of remove curse


   Skills:
 - Level 1.5 Dodging
 - Level 1.5 Stealth
 + Level 4.6 Spellcasting
 - Level 0.7 Conjurations
 - Level 2.4 Ice Magic


You had 8 spell levels left.
You knew the following spells:

 Your Spells              Type           Power        Failure   Level  Hunger
a - Freeze                Ice            ##..         6%          1    N/A
b - Throw Frost           Conj/Ice       #.....       14%         2    N/A

Your spell library contained the following spells:

 Spells                   Type           Power        Failure   Level  Hunger
 Ozocubu's Armour         Chrm/Ice       #.......     30%         3    N/A
 Throw Icicle             Conj/Ice       #.......     65%         4    N/A
 Summon Ice Beast         Ice/Summ       #.......     71%         4    N/A

Dungeon Overview and Level Annotations

Branches:
Dungeon (1/15)

Altars:


Innate Abilities, Weirdness & Mutations

You do not eat or drink.
Your flesh is vulnerable to fire.
You are immune to poison.
Your flesh is cold resistant. (rC+)
You are immune to negative energy. (rN+++)
You are immune to unholy pain and torment.
You can survive without breathing.


Message History

Casting: Freeze (safe; 6% risk of failure)
Confirm with . or Enter, or press ? or * to list all spells.
Aiming: Freeze (safe; 6% risk of failure)
Press: ? - help, Shift-Dir - straight line, f - goblin
Aim: a goblin, wielding a club (severely wounded)
You freeze the goblin.
You kill the goblin!
You hit the goblin.
The goblin is almost dead.
The goblin hits you with a club.
* * * LOW HITPOINT WARNING * * *
You hit the goblin.
You kill the goblin!
You hit the kobold.
The kobold is moderately wounded.
The kobold hits you but does no damage.
You closely miss the kobold.
The kobold is moderately wounded.
The kobold hits you with a club.
You die...

#.######### #.....
#####.# #.....
#...#.# #.....
####...#.# ######
...'...'.# #######
## .###...###
#.....# #. .#
##### #.....# #.
.# ####....)# #.
.# #.######@# ##
.# #.######K#
.########...gK†.w#
..!...(.(...h.####
###########.###
###'## #####
#.hg.# #....
#....# #....
#....# #....


You could see a dart slug and a kobold.

Vanquished Creatures
  An ooze (D:1)
  2 dart slugs (D:1)
  A leopard gecko (D:1)
  2 giant cockroaches (D:1)
  4 goblins (D:1)
  A hobgoblin (D:1)
  4 jackals (D:1)
  2 bats (D:1)
  A frilled lizard (D:1)
  5 kobolds (D:1)
  2 rats (D:1)
25 creatures vanquished.

Notes
Turn   | Place    | Note
-------+----------+-------------------------------------------
     0 | D:1      | poirepourri the Mummy Ice Elementalist began the quest for the Orb.
     0 | D:1      | Reached XP level 1. HP: 13/13 MP: 4/4
    93 | D:1      | Reached skill level 3 in Spellcasting
   218 | D:1      | Reached XP level 2. HP: 17/19 MP: 0/6
   431 | D:1      | Reached skill level 4 in Spellcasting
   736 | D:1      | Learned a level 2 spell: Throw Frost
  1135 | D:1      | Reached XP level 3. HP: 17/24 MP: 4/8
  1155 | D:1      | Slain by a kobold

Skill      XL: |  1  2 |
---------------+-------+-----
Spellcasting   | 3 4 |  4.6
Dodging        | |  1.5
Stealth        | |  1.5
Conjurations   | |  0.7
Ice Magic      | |  2.4

Action                   || total
-------------------------++-------
Melee: Unarmed           ||     1
       Short sword       ||    17
 Cast: Freeze            ||    38
       Throw Frost       ||     1
  Use: Scroll            ||     1
Armor: Robe              ||    10
Dodge: Dodged            ||    37
